 Dungeon Crawl Stone Soup version 0.29.1-13-g9f3cf754e1 (webtiles) character file.

Game seed: 3999552452338801118

51 pilgrim the Gusty (level 3, -6/20 HPs)
             Began as a Tengu Air Elementalist on Feb 10, 2023.
             Mangled by an orc priest
             ... wielding a +0 trident
              (8 damage)
             ... on level 4 of the Dungeon.
             The game lasted 00:06:44 (2256 turns).

pilgrim the Gusty (Tengu Air Elementalist)          Turns: 2256, Time: 00:06:45

Health: -6/20      AC:  2    Str:  8    XL:     3   Next: 81%
Magic:  0/7        EV: 13    Int: 17    God:
Gold:   27         SH:  0    Dex: 14    Spells: 3/6 levels left

rFire   . . .      SeeInvis .   c - +0 dagger
rCold   . . .      Faith    .   (no shield)
rNeg    . . .      Spirit   .   a - +0 robe
rPois   .          Reflect  .   (helmet restricted)
rElec   .          Harm     .   (no cloak)
rCorr   .          Rampage  .   (no gloves)
Will    .....                   (boots unavailable)
Stlth   ++........              (no amulet)
HPRegen 0.06/turn               (no ring)
MPRegen 0.10/turn               (no ring)

@: hasted, very quick
A: beak, talons 3
a: no special abilities


You were on level 4 of the Dungeon.
You visited 1 branch of the dungeon, and saw 4 of its levels.

You collected 96 gold pieces.
You spent 69 gold pieces at shops.

Inventory:

Hand Weapons
 c - a +0 dagger (weapon)
Armour
 a - a +0 robe (worn)
Jewellery
 e - a ring of resist corrosion
 h - a ring of fire
Wands
 f - a wand of charming (5)
Potions
 b - 3 potions of magic
 d - a potion of attraction
 i - a potion of curing


   Skills:
 + Level 1.4 Fighting
 + Level 2.9 Dodging
 - Level 2.0 Stealth
 + Level 2.4 Spellcasting
 + Level 2.6 Conjurations
 - Level 4.0 Air Magic


You had 3 spell levels left.
You knew the following spells:

 Your Spells              Type           Power      Damage    Failure   Level
a - Shock                 Conj/Air       52%        1d6       4%          1
b - Static Discharge      Conj/Air       13%        3-5/arc   7%          2

Your spell library contained the following spells:

 Spells                   Type           Power      Damage    Failure   Level
 Searing Ray              Conj           22%        2d5       10%         2
 Swiftness                Air            15%        N/A       11%         3
 Stone Arrow              Conj/Erth      12%        3d7       32%         3
 Airstrike                Air            7%         2d(2-18)  34%         4
 Iskenderun's Mystic Bla  Conj/Tloc      6%         2d4       71%         4
 Chain Lightning          Conj/Air       6%         3d8       100%        9


Dungeon Overview and Level Annotations

Branches:
Dungeon (4/15)
 Temple: D:4-7

Altars:
Elyvilon
Xom

Shops:
D:1 *   D:2 *


Innate Abilities, Weirdness & Mutations

You have a beak for a mouth.
You have claws for feet.


Message History

Aiming: Shock (safe; 4% risk of failure)
Press: ? - help, Shift-Dir - straight line, f - adder
Aim: an adder (48% to hit)
The zap hits the adder.
The adder is moderately wounded.
The zap hits the orc priest.
The orc priest is moderately wounded.
The orc priest hits you from afar with a +0 trident.
* * * LOW HITPOINT WARNING * * *
The orc closely misses you.
Casting: Shock (safe; 4% risk of failure)
Confirm with . or Enter, or press ? or * to list all spells.
Aiming: Shock (safe; 4% risk of failure)
Press: ? - help, Shift-Dir - straight line, f/p - adder
Aim: an adder (moderately wounded, 48% to hit)
The zap hits the adder.
The adder is heavily wounded.
The zap hits the orc priest.
The orc priest is severely wounded.
The adder misses you.
Casting: Shock (safe; 4% risk of failure)
Confirm with . or Enter, or press ? or * to list all spells.
Aiming: Shock (safe; 4% risk of failure)
Press: ? - help, Shift-Dir - straight line, f/p - adder
Aim: an adder (heavily wounded, 48% to hit)
The zap misses the adder.
The zap hits the orc priest.
The orc priest is almost dead.
The adder closely misses you. The orc priest barely misses you.
The orc closely misses you.
Casting: Shock (safe; 4% risk of failure)
Confirm with . or Enter, or press ? or * to list all spells.
Aiming: Shock (safe; 4% risk of failure)
Press: ? - help, Shift-Dir - straight line, f/p - adder
Aim: an adder (heavily wounded, 48% to hit)
The zap hits the adder.
You kill the adder!
The zap hits the orc priest.
You kill the orc priest!
The orc priest hits you from afar with a +0 trident!
You die...

.
.##
..#
#.#
#>#
#)#
#.#
#@#
#o#
#o#
#o#
#.#
#.#
#..
...


You could see an orc priest and 2 orcs.

Vanquished Creatures
  An orc priest (D:4)
  3 adders
  An orc (D:2)
  5 endoplasms
  2 giant cockroaches (D:1)
  5 goblins
  A hobgoblin (D:3)
  2 quokkas
  4 bats
  2 frilled lizards (D:1)
  3 kobolds
  3 rats (D:1)
32 creatures vanquished.

Notes
Turn   | Place    | Note
-------+----------+-------------------------------------------
     0 | D:1      | pilgrim the Tengu Air Elementalist began the quest for the
                  | Orb.
     0 | D:1      | Reached XP level 1. HP: 10/10 MP: 4/4
    11 | D:1      | Found Itefu's Assorted Antiques.
   476 | D:1      | Got the Monograph on the Nimbus and Conjuration
   485 | D:1      | Reached XP level 2. HP: 16/16 MP: 4/6
   568 | D:1      | Found a faded altar of an unknown god.
   909 | D:1      | You fall into a shaft and drop 1 floor!
   941 | D:2      | Reached skill level 1 in Fighting
   941 | D:2      | Reached XP level 3. HP: 20/20 MP: 2/7
  1382 | D:1      | Bought a scroll labelled WAF IZUPRINYESI for 23 gold pieces
  1382 | D:1      | Bought a scroll labelled POIRAE HAOG for 23 gold pieces
  1382 | D:1      | Bought a scroll labelled TUKIPP FUVIG for 23 gold pieces
  1431 | D:2      | Learned a level 2 spell: Static Discharge
  1450 | D:2      | Found Pegot's Assorted Antiques.
  2080 | D:3      | Found a white marble altar of Elyvilon.
  2204 | D:3      | Found a shimmering altar of Xom.
  2256 | D:4      | Mangled by an orc priest

Illustrated notes

Levels and vault maps discovered:
D:1:      spicycebolla_green_bress_n_ham_2, layout_loops_cross,
          shapermc_ecumenical_altar_pompeii, serial_shops,
          nicolae_shop_waterfront
D:2:      layout_rooms, serial_shops, shop
D:3:      minmay_spotlight, layout_basic, elyvilon_altar_1,
          mainiacjoe_overflow_chevrons
D:4:      layout_loops_ring, nicolae_wu_jian_immortal_techniques,
          mainiacjoe_overflow_alcove_2, gup_sewer_entry_bowl, uniq_robin

Skill      XL: |  1  2 |
---------------+-------+-----
Conjurations   | 2 |  2.6
Fighting       | 1 |  1.4
Dodging        | |  2.9
Stealth        | |  2.0
Spellcasting   | |  2.4
Air Magic      | |  4.0

Action                   || total
-------------------------++-------
Melee: Dagger            ||     6
       Kick              ||     1
       Peck              ||     1
       Punch             ||     1
 Cast: Shock             ||    72
  Use: Scroll            ||     8
       Potion            ||     3
Armor: Robe              ||     5
Dodge: Dodged            ||    23
